 Dungeon Crawl Stone Soup version 0.29-a0-397-g846e4a0bbc (webtiles) character file.

Game seed: 17543357685250343779

60 zeratav the Digger (level 4, 0/27 HPs)
             Began as an Octopode Earth Elementalist on May 12, 2022.
             Slain by a gnoll
             ... wielding a +0 spear
              (9 damage)
             ... on level 2 of the Dungeon.
             The game lasted 00:01:56 (1771 turns).

zeratav the Digger (Octopode Earth Elementalist)    Turns: 1771, Time: 00:01:57

Health: 0/27       AC:  1    Str:  7    XL:     4   Next: 4%
Magic:  1/8        EV: 12    Int: 19    God:
Gold:   93         SH:  3    Dex: 12    Spells: 7/8 levels left

rFire   . . .      SeeInvis .   c - +1 dagger (drain) {short}
rCold   . . .      Faith    .   g - +0 buckler
rNeg    . . .      Spirit   .   (helmet restricted)
rPois   .          Reflect  .   (no amulet)
rElec   .          Harm     .   (no ring)
rCorr   .          Rampage  .   (no ring)
Will    .....                   (no ring)
Stlth   +++.......              (no ring)
HPRegen 0.09/turn               (no ring)
MPRegen 0.11/turn               (no ring)
                                (no ring)
                                (no ring)

@: very slightly contaminated
A: almost no armour, amphibious, 8 rings, camouflage 1, gelatinous body 1,
(nimble swimmer 1), tentacles
a: no special abilities


You were on level 2 of the Dungeon.
You visited 1 branch of the dungeon, and saw 2 of its levels.

You collected 93 gold pieces.


Innate Abilities, Weirdness & Mutations

You cannot wear most types of armour.
You are amphibious.
You can wear up to eight rings at the same time.
Your skin changes colour to match your surroundings (Stealth+).
Your rubbery body absorbs attacks. (AC +1, EV +1)
((You are camouflaged when in or above water. (Stealth+)))
You have tentacles for arms and can constrict up to eight enemies at once.


   Skills:
 - Level 2.0 Dodging
 - Level 2.6 Stealth
 + Level 2.7 Spellcasting
 - Level 1.0 Transmutations
 * Level 4.3 Earth Magic


You had 7 spell levels left.
You knew the following spells:

 Your Spells              Type           Power      Damage    Failure   Level
a - Sandblast             Erth           38%        2d10      3%          1

Your spell library contained the following spells:

 Spells                   Type           Power      Damage    Failure   Level
 Passwall                 Tmut/Erth      10%        N/A       11%         2
 Stone Arrow              Conj/Erth      20%        3d8       26%         3
 Corpse Rot               Necr/Air       4%         N/A       32%         2
 Poisonous Vapours        Pois/Air       4%         N/A       32%         2
 Petrify                  Tmut/Erth      12%        N/A       56%         4

Inventory:

Hand Weapons
 c - a +1 dagger of draining (weapon) {short}
   (You took it off a goblin on level 1 of the Dungeon)
Missiles
 a - 67 stones {throwing}
Armour
 g - a +0 buckler (worn)
   (You found it on level 1 of the Dungeon)
 j - an orb of light
   (You found it on level 1 of the Dungeon)
Jewellery
 f - an amulet of reflection
   (You found it on level 1 of the Dungeon)
Scrolls
 d - a scroll of vulnerability {unknown}
 e - a scroll of poison {unknown}
 h - a scroll of identify {unknown}
 i - a scroll of brand weapon {unknown}
Potions
 b - a potion of magic

Dungeon Overview and Level Annotations

Branches:
Dungeon (2/15)

Altars:

. #.# #............ ..
#####..######............ .>.
............<............
....#######..####.#...........
......### ##.###..#.........##
#...####.....####.#.#..##
###..##.....## #.#....#
##...g###..#..........
##.#..l@.......... .#
#.g#######.#... ### #.### ..
.. ##...#l..## .# #
#....g†...# .# #...........#
#...........# #...........#
##.........##


You could see a gnoll and a frilled lizard.


Message History

The gnoll shouts!
You hit the adder.
You kill the adder!
You feel sick.
You are no longer poisoned.
A frilled lizard comes into view.
Your Earth Magic skill increases to level 4!
HP[-1]
You take 1 damage, and now have 16/21 hp.
You block the gnoll's attack.
You see here an adder corpse.
You closely miss the gnoll.
The frilled lizard hisses angrily.
Your grab misses the gnoll. You hit the gnoll. Your grab misses the gnoll.
A gnoll comes into view. It is wielding a +0 spear.
You hit the gnoll. You drain the gnoll. You grab the gnoll.
You squeeze the gnoll. You constrict the gnoll.
The gnoll hits you with a +0 whip. You block the gnoll's attack.
HP[-2]
You take 2 damage, and now have 14/21 hp.
You are too injured to fight recklessly!
You are too injured to fight recklessly!
You are too injured to fight recklessly!
You are too injured to fight recklessly!
You are too injured to fight recklessly!
You are too injured to fight recklessly!
You are too injured to fight recklessly!
You are too injured to fight recklessly!
You are too injured to fight recklessly!
You are too injured to fight recklessly!
You are too injured to fight recklessly!
You are too injured to fight recklessly!
You are too injured to fight recklessly!
You are too injured to fight recklessly!
You are too injured to fight recklessly!
You are too injured to fight recklessly!
You are too injured to fight recklessly!
You release your grip on the gnoll.
The gnoll attacks as you move away! The gnoll hits you with a +0 whip.
The gnoll attacks as you move away! The gnoll closely misses you.
The gnoll attacks as you move away! The gnoll misses you.
The gnoll attacks as you move away! You block the gnoll's attack.
You see here a frilled lizard corpse.
You hit the gnoll. You drain the gnoll.
You kill the gnoll!
Casting: Sandblast (safe; 3% risk of failure)
Confirm with . or Enter, or press ? or * to list all spells.
Aiming: Sandblast (safe; 3% risk of failure)
Press: ? - help, Shift-Dir - straight line, f - gnoll
Aim: a gnoll, wielding a +1 whip of electrocution and quivering stones (82% to hit)
You miscast Sandblast.
You are very lightly contaminated with residual magic.
Nothing appears to happen.
The gnoll throws a stone.
The stone closely misses you.
MP[-1]
You lost 1 mp, and now have 5/6 mp.
Casting: Sandblast (safe; 3% risk of failure)
Confirm with . or Enter, or press ? or * to list all spells.
Aiming: Sandblast (safe; 3% risk of failure)
Press: ? - help, Shift-Dir - straight line, f/p - gnoll
Aim: a gnoll, wielding a +1 whip of electrocution and quivering stones (82% to hit)
The blast of sand hits the gnoll!
MP[-1]
You lost 1 mp, and now have 4/6 mp.
Casting: Sandblast (safe; 3% risk of failure)
Confirm with . or Enter, or press ? or * to list all spells.
Aiming: Sandblast (safe; 3% risk of failure)
Press: ? - help, Shift-Dir - straight line, f/p - gnoll
Aim: a gnoll, wielding a +1 whip of electrocution and quivering stones (severely wounded, 82% to hit)
The blast of sand hits the gnoll but does no damage.
The gnoll completely misses you.
MP[-1]
You lost 1 mp, and now have 3/6 mp.
Casting: Sandblast (safe; 3% risk of failure)
Confirm with . or Enter, or press ? or * to list all spells.
Aiming: Sandblast (safe; 3% risk of failure)
Press: ? - help, Shift-Dir - straight line, f/p - gnoll
Aim: a gnoll, wielding a +1 whip of electrocution and quivering stones (severely wounded, 82% to hit)
The blast of sand hits the gnoll but does no damage.
The gnoll hits you with a +1 whip of electrocution!
* * * LOW HITPOINT WARNING * * *
HP[-8] MP[-1]
You take 8 damage, and now have 6/21 hp.
MASSIVE DAMAGE!! (PAUSE)
You lost 1 mp, and now have 2/6 mp.
Casting: Sandblast (safe; 3% risk of failure)
Confirm with . or Enter, or press ? or * to list all spells.
Aiming: Sandblast (safe; 3% risk of failure)
Press: ? - help, Shift-Dir - straight line, f/p - gnoll
Aim: a gnoll, wielding a +1 whip of electrocution and quivering stones (severely wounded, 82% to hit)
The blast of sand hits the gnoll.
You kill the gnoll!
You have reached level 4!
HP[+2] MP[-1]
You now have 27 max hp (+6).
You regained 2 hp, and now have 8/27 hp.
You hit the frilled lizard. Your grab misses the frilled lizard.
The gnoll hits you from afar with a +0 spear!
You die...

Skill      XL: |  1  2  3 |
---------------+----------+-----
Earth Magic    | 4 |  4.3
Dodging        | |  2.0
Stealth        | |  2.6
Spellcasting   | |  2.7
Transmutations | |  1.0

Action                   |  1- 3 |  4- 6 || total
-------------------------+-------+-------++-------
Melee: Dagger            |    48 |     1 ||    49
       Unarmed           |     2 |       ||     2
       Constrict         |    14 |       ||    14
       Tentacles         |     6 |       ||     6
 Cast: Sandblast         |    17 |       ||    17
 Stab: Sleeping          |     6 |       ||     6
Armor: Skin              |     2 |       ||     2
Dodge: Dodged            |    37 |       ||    37
Block: Buckler           |     4 |       ||     4

Levels and vault maps discovered:
D:1:      minmay_arrival_diagonal_passages, layout_basic, minmay_misc_feat_tower
D:2:      layout_rooms, minmay_pentomino_t4

Notes
Turn   | Place    | Note
-------+----------+-------------------------------------------
     0 | D:1      | zeratav the Octopode Earth Elementalist began the quest for
                  | the Orb.
     0 | D:1      | Reached XP level 1. HP: 11/11 MP: 3/3
     0 | D:1      | magus.rc [v1.9.6]
   212 | D:1      | HP: 2/11 [kobold/+0 short sword (4)]
   473 | D:1      | Reached XP level 2. HP: 12/17 MP: 1/5
  1275 | D:1      | Reached XP level 3. HP: 18/21 MP: 6/6
  1517 | D:1      | You pick up a book of Vapours and begin reading...
  1517 | D:1      | You add the spells Poisonous Vapours and Corpse Rot to your
                  | library.
  1752 | D:2      | Reached skill level 4 in Earth Magic
  1771 | D:2      | Reached XP level 4. HP: 8/27 MP: 1/8
  1771 | D:2      | Slain by a gnoll

Vanquished Creatures
  2 gnolls (D:2)
  An adder (D:2)
  A dart slug (D:1)
  2 endoplasms (D:1)
  4 goblins (D:1)
  6 hobgoblins (D:1)
  4 jackals (D:1)
  A quokka (D:2)
  A ball python (D:1)
  2 bats
  A frilled lizard (D:2)
  2 kobolds (D:1)
  2 rats (D:1)
29 creatures vanquished.

Table legend:
 A = Non-vault XP
 B = Vault XP
 C = Vault XP percentage of total XP
 D = Non-vault monster count
 E = Vault monster count
 F = Vault count percentage of total count
                 A         B        C        D         E       F
            +---------+---------+-------+---------+---------+-------
      Total |      86 |       0 |   0.0 |      29 |       0 |   0.0
            +---------+---------+-------+---------+---------+-------
        D:1 |      40 |       0 |   0.0 |      23 |       0 |   0.0
        D:2 |      46 |       0 |   0.0 |       6 |       0 |   0.0
            +---------+---------+-------+---------+---------+-------

Illustrated notes

Table legend:
 A = Kills in this place as a percentage of kills in entire the game.
 B = Kills by you in this place as a percentage of kills by you in the entire game.
 C = Kills by friends in this place as a percentage of kills by friends in the entire game.
 D = Other kills in this place as a percentage of other kills in the entire game.
 E = Experience gained in this place as a percentage of experience gained in the entire game.
 F = Experience gained in this place divided by the number of levels of this place that you have seen.
                   A       B       C       D       E      F
               +-------+-------+-------+-------+-------+----------------------
         Total | 100.0 | 100.0 |   N/A |   N/A | 100.0 |  43.0
       Dungeon | 100.0 | 100.0 |   N/A |   N/A | 100.0 |  43.0
               +-------+-------+-------+-------+-------+----------------------

Table legend: (Time is in decaauts)
 A = Elapsed time spent in this place.
 B = Non-inter-level travel time spent in this place.
 C = Inter-level travel time spent in this place.
 D = Time resting spent in this place.
 E = Time spent auto-exploring this place.
 F = Levels seen in this place.
 G = Mean time per level.
                   A        B        C        D        E       F      G
               +--------+--------+--------+--------+--------+-----+--------+
         Total |   1771 |   1722 |     49 |     47 |   1467 |   2 |  885.5 |
       Dungeon |   1771 |   1722 |     49 |     47 |   1467 |   2 |  885.5 |
               +--------+--------+--------+--------+--------+-----+--------+

Top non-repeatable levels by time:
     D:1: 1681 daAuts
     D:2: 90 daAuts
